Demolitions vs Sewer Rats (R1)

Created - 26 mai 2016 at 22:09

Goals
1 2 3 T
Demolitions 2 1 0 3
Sewer Rats 2 2 0 4
Shots
1 2 3 T
Demolitions 11 16 6 33
Sewer Rats 9 12 9 30

1st period

1. Demolitions , Ryan Vesce 18 (Darren Helm) at 12:59 (PP)
2. Sewer Rats , Nick Palmieri 8 (Ville Leino, Peter Mueller) at 13:40 (PP)
3. Demolitions , Matt D'Agostini 5 (Nicolas Blanchard) at 15:09
4. Sewer Rats , Mark Mancari 10 (John-Michael Liles) at 17:47

Penalties :
Nicolas Blanchard (Vic) for Hooking (Minor) at 1:49, Tom Sestito (Tol) for Tripping (Minor) at 12:57, Ray Emery (Vic) for Slashing (Minor) at 13:29 - Cameron Schilling served the penalty, Jonathan Paiement (Tol) for Holding (Minor) at 15:36, Jonathan Paiement (Tol) for Hooking (Minor) at 18:58

2nd period

5. Demolitions , Nigel Dawes 14 (Darren Helm) at 2:00 (SH)
6. Sewer Rats , Mark Mancari 11 (Kyle Turris, Vojtech Polak) at 4:54 (PP)
7. Sewer Rats , Jared Boll 3 (Tim Ramholt, John-Michael Liles) at 7:17

Penalties :
Anssi Salmela (Vic) for Holding (Minor) at 1:01, Anton Babchuk (Vic) for Tripping (Minor) at 4:18, Konstantin Pushkarev (Vic) for Hooking (Minor) at 11:59, Patrick Bordeleau (Tol) for Roughing (Minor) at 14:15, Lars Eller (Tol) for Tripping (Minor) at 18:36

3rd period

No Goal

Penalties :
Corban Knight (Vic) for Slashing (Minor) at 3:03, Ryan Vesce (Vic) for Slashing (Minor) at 6:36, John-Michael Liles (Tol) for Holding (Minor) at 13:37

Goalie Stats

Ray Emery (Vic), 26 saves from 30 shots - (0,867), L, 8-4-2, 59:46 minutes
Martin Biron (Tol), 30 saves from 33 shots - (0,909), W, 11-4-0, 60:00 minutes

Players Stats for Demolitions

Player Name              G  A  P  +/- PIM S  H  SB GA TA FO     MP     PP MP  PK MP  
------------------------------------------------------------------------------------
Alex Hutchings           0  0  0   0  0   0  0  0  0  0  0/0     5:16   0:12   1:24 
Andrew Campbell          0  0  0   0  0   0  0  1  0  0  0/0     9:13   0:00   1:05 
Anssi Salmela            0  0  0  -1  2   1  0  0  0  0  0/0    18:41   3:29   4:17 
Anton Babchuk            0  0  0   0  2   3  3  2  2  5  0/0    27:42   6:28   4:51 
Bobby Butler             0  0  0   0  0   6  1  1  1  0  1/4    26:08   6:00   6:13 
Cameron Schilling        0  0  0   0  0   2  1  3  0  0  0/0    27:32   6:28   4:40 
Chris Wideman            0  0  0   0  0   0  0  0  0  0  0/0     4:09   0:00   0:00 
Corban Knight            0  0  0  -1  2   0  0  0  0  0  3/5    10:00   0:00   1:15 
Darren Helm              0  2  2   1  0   3  0  0  0  1  17/28  21:58   5:58   3:17 
David Laliberté          0  0  0  -1  0   0  0  0  0  0  0/0     9:23   0:12   0:00 
David Rundblad           0  0  0   0  0   0  0  2  0  1  0/0    18:55   3:29   4:46 
Josh Beaulieu            0  0  0  -1  0   0  0  0  0  0  0/0     7:50   0:00   0:16 
Konstantin Pushkarev     0  0  0   0  2   1  0  0  0  0  1/1     7:25   0:10   0:59 
Masi Marjamaki           0  0  0   0  0   1  0  0  0  1  0/0     3:49   0:00   0:00 
Matt D'Agostini          1  0  1   0  0   4  0  0  0  0  2/4    15:34   3:47   0:00 
Nick Pryor               0  0  0   1  0   0  0  0  0  0  0/0     1:48   0:00   1:45 
Nicolas Blanchard        0  1  1   0  2   1  1  0  0  0  2/10   16:02   3:47   0:00 
Nigel Dawes              1  0  1   1  0   5  2  0  3  1  0/1    18:19   3:47   2:44 
Robert Bortuzzo          0  0  0   0  0   0  1  0  0  0  0/0     4:09   0:00   0:00 
Ryan Vesce               1  0  1   0  2   6  3  3  1  0  10/15  27:11   5:58   5:16 
Seth Helgeson            0  0  0   0  0   0  0  0  0  0  0/0     8:08   0:00   0:00 
Taylor Aronson           0  0  0   0  0   0  0  0  0  0  0/0     0:00   0:00   0:00 

Players Stats for Sewer Rats

Player Name              G  A  P  +/- PIM S  H  SB GA TA FO     MP     PP MP  PK MP  
------------------------------------------------------------------------------------
Derek Dorsett            0  0  0   0  0   1  2  0  1  0  0/0     6:11   0:00   0:00 
Jared Boll               1  0  1   1  0   2  1  0  1  0  0/0     9:19   0:01   0:00 
John-Michael Liles       0  2  2   1  2   3  2  1  1  1  0/0    28:29   6:32   5:26 
Jonathan Marchessault    0  0  0   0  0   0  0  0  0  1  1/3     5:57   0:00   0:00 
Jonathan Paiement        0  0  0   0  4   0  1  1  0  0  0/0    10:13   0:00   0:44 
Kyle Quincey             0  0  0   0  0   0  1  0  0  0  0/0    17:22   4:10   3:47 
Kyle Turris              0  1  1  -2  0   4  2  0  0  0  6/10   14:31   4:15   0:03 
Lars Eller               0  0  0   1  2   1  2  0  0  0  5/6    11:31   0:00   1:20 
Mark Mancari             2  0  2  -1  0   2  1  0  1  0  1/2    17:16   4:15   2:36 
Matt Lashoff             0  0  0   0  0   0  1  1  0  0  0/0    17:22   4:10   3:47 
Mattias Ekholm           0  0  0   0  0   0  0  0  0  0  0/0     4:34   0:00   0:00 
Mike Funk                0  0  0   0  0   0  0  0  0  0  0/0     4:34   0:00   0:00 
Nick Palmieri            1  0  1   0  0   2  2  1  1  1  1/2    26:02   6:26   5:55 
Patrick Bordeleau        0  0  0   1  2   1  0  0  0  0  0/0     9:36   0:00   0:00 
Peter Mueller            0  1  1   1  0   3  1  1  1  0  10/26  21:00   6:27   2:36 
Steven Kampfer           0  0  0  -1  0   3  0  0  1  0  0/0     9:18   0:00   0:00 
Tim Ramholt              0  1  1   1  0   2  0  1  0  3  0/0    28:46   6:32   6:10 
Tom Sestito              0  0  0   0  2   1  0  0  0  1  0/0     5:56   0:00   0:00 
Ville Leino              0  1  1   0  0   5  1  0  0  0  7/18   26:16   6:27   6:08 
Vojtech Polak            0  1  1  -2  0   0  2  0  2  0  1/1    15:44   4:15   1:16 

3 Stars

1 - Mark Mancari (Tol)
2 - Nigel Dawes (Vic)
3 - Jared Boll (Tol)

Power Play

Demolitions - 1 on 6 Attempt(s) - 16,67%
Sewer Rats - 2 on 7 Attempt(s) - 28,57%

Penalty Kill

Demolitions - 5 on 7 Attempt(s) - 71,43% - Score 1 goal in Penalty Kill
Sewer Rats - 5 on 6 Attempt(s) - 83,33% - Score 0 goal in Penalty Kill

Team Stat

Demolitions - Hits : 12 - Faceoff Wins : 36 - Blocked Shots : 12 - Penalty Minutes : 12
Sewer Rats - Hits : 19 - Faceoff Wins : 32 - Blocked Shots : 6 - Penalty Minutes : 12

Official

Referees : LaRue Dennis and O'Rourke Dan
Linesman : Brad Lazarowich and Steve Miller

Game Notes

No Game Note

Finance

Level 1 -- Attendance: 2000 (100,00%) -- Ticket Income 60 000 $
Level 2 -- Attendance: 1000 (100,00%) -- Ticket Income 12 000 $
Total Attendance: 3000 (100,00%)
Total Ticket Income: 72 000 $
Other Income: 3 600 $
Total Income: 75 600 $

Demolitions

5 vs 5 Forward 
   Center                   Left Wing                Right Wing               Time % Phy DF OF 
 1 Darren Helm              Bobby Butler             Ryan Vesce               40     1   2  2  
 2 Nicolas Blanchard        Nigel Dawes              Matt D'Agostini          30     1   2  2  
 3 Corban Knight            Josh Beaulieu            David Laliberté          20     1   2  2  
 4 Ryan Vesce               Masi Marjamaki           Konstantin Pushkarev     10     1   2  2  

5 vs 5 Defense 
   Defense                  Defense                                           Time % Phy DF OF 
 1 Cameron Schilling        Anton Babchuk                                     40     1   2  2  
 2 Anssi Salmela            David Rundblad                                    30     1   2  2  
 3 Andrew Campbell          Seth Helgeson                                     20     1   2  2  
 4 Robert Bortuzzo          Chris Wideman                                     10     1   2  2  

PowerPlay Forward 
   Center                   Left Wing                Right Wing               Time % Phy DF OF 
 1 Darren Helm              Bobby Butler             Ryan Vesce               60     1   2  2  
 2 Nicolas Blanchard        Nigel Dawes              Matt D'Agostini          40     1   2  2  

PowerPlay Defense
   Defense                  Defense                                           Time % Phy DF OF 
 1 Cameron Schilling        Anton Babchuk                                     60     1   2  2  
 2 Anssi Salmela            David Rundblad                                    40     1   2  2  

Penalty Kill 4 Players Forward 
   Center                   Wing                     Time % Phy DF OF 
 1 Ryan Vesce               Bobby Butler             60     1   2  2  
 2 Nigel Dawes              Darren Helm              40     1   2  2  

Penalty Kill 4 Players Defense
   Defense                  Defense                  Time % Phy DF OF 
 1 Cameron Schilling        Anton Babchuk            60     1   2  2  
 2 Anssi Salmela            David Rundblad           40     1   2  2  

Penalty Kill - 3 Players Forward 
   Forward                                           Time % Phy DF OF 
 1 Ryan Vesce                                        60     1   2  2  
 2 Bobby Butler                                      40     1   2  2  

Penalty Kill - 3 Players Defense
   Defense                  Defense                  Time % Phy DF OF 
 1 Cameron Schilling        Anton Babchuk            60     1   2  2  
 2 Anssi Salmela            David Rundblad           40     1   2  2  

4 vs 4 Forward 
   Center                   Wing                     Time % Phy DF OF 
 1 Ryan Vesce               Bobby Butler             60     1   2  2  
 2 Nigel Dawes              Darren Helm              40     1   2  2  

4 vs 4 Defense
   Defense                  Defense                  Time % Phy DF OF 
 1 Cameron Schilling        Anton Babchuk            60     1   2  2  
 2 Anssi Salmela            David Rundblad           40     1   2  2  

Last Minutes Offensive
   Center                   Left Wing                Right Wing               Defense                  Defense                  
   Darren Helm              Bobby Butler             Ryan Vesce               Cameron Schilling        Anton Babchuk            

Last Minutes Defensive
   Center                   Left Wing                Right Wing               Defense                  Defense                  
   Darren Helm              Bobby Butler             Ryan Vesce               Cameron Schilling        Anton Babchuk            

Goaltenders
Starting : Ray Emery                
Backup : Brent Krahn              

Extra Forwards
Normal : Alex Hutchings, David Laliberté, Konstantin Pushkarev - PP : Alex Hutchings, David Laliberté - PK : Konstantin Pushkarev
Extra Defensemen
Normal : Taylor Aronson, Nick Pryor, Andrew Campbell - PP : Taylor Aronson - PK : Nick Pryor, Andrew Campbell
Penalty Shots
Ryan Vesce, Bobby Butler, Nigel Dawes, Darren Helm, Matt D'Agostini

Sewer Rats

5 vs 5 Forward 
   Center                   Left Wing                Right Wing               Time % Phy DF OF 
 1 Peter Mueller            Ville Leino              Nick Palmieri            40     1   2  2  
 2 Kyle Turris              Vojtech Polak            Mark Mancari             30     1   2  2  
 3 Lars Eller               Patrick Bordeleau        Jared Boll               20     1   2  2  
 4 Jonathan Marchessault    Tom Sestito              Derek Dorsett            10     1   2  2  

5 vs 5 Defense 
   Defense                  Defense                                           Time % Phy DF OF 
 1 Tim Ramholt              John-Michael Liles                                40     1   2  2  
 2 Matt Lashoff             Kyle Quincey                                      30     1   2  2  
 3 Steven Kampfer           Jonathan Paiement                                 20     1   2  2  
 4 Mattias Ekholm           Mike Funk                                         10     1   2  2  

PowerPlay Forward 
   Center                   Left Wing                Right Wing               Time % Phy DF OF 
 1 Peter Mueller            Ville Leino              Nick Palmieri            60     1   2  2  
 2 Kyle Turris              Vojtech Polak            Mark Mancari             40     1   2  2  

PowerPlay Defense
   Defense                  Defense                                           Time % Phy DF OF 
 1 Tim Ramholt              John-Michael Liles                                60     1   2  2  
 2 Matt Lashoff             Kyle Quincey                                      40     1   2  2  

Penalty Kill 4 Players Forward 
   Center                   Wing                     Time % Phy DF OF 
 1 Ville Leino              Nick Palmieri            60     1   2  2  
 2 Peter Mueller            Mark Mancari             40     1   2  2  

Penalty Kill 4 Players Defense
   Defense                  Defense                  Time % Phy DF OF 
 1 Tim Ramholt              John-Michael Liles       60     1   2  2  
 2 Matt Lashoff             Kyle Quincey             40     1   2  2  

Penalty Kill - 3 Players Forward 
   Forward                                           Time % Phy DF OF 
 1 Ville Leino                                       60     1   2  2  
 2 Nick Palmieri                                     40     1   2  2  

Penalty Kill - 3 Players Defense
   Defense                  Defense                  Time % Phy DF OF 
 1 Tim Ramholt              John-Michael Liles       60     1   2  2  
 2 Matt Lashoff             Kyle Quincey             40     1   2  2  

4 vs 4 Forward 
   Center                   Wing                     Time % Phy DF OF 
 1 Ville Leino              Nick Palmieri            60     1   2  2  
 2 Peter Mueller            Mark Mancari             40     1   2  2  

4 vs 4 Defense
   Defense                  Defense                  Time % Phy DF OF 
 1 Tim Ramholt              John-Michael Liles       60     1   2  2  
 2 Matt Lashoff             Kyle Quincey             40     1   2  2  

Last Minutes Offensive
   Center                   Left Wing                Right Wing               Defense                  Defense                  
   Peter Mueller            Ville Leino              Nick Palmieri            Tim Ramholt              John-Michael Liles       

Last Minutes Defensive
   Center                   Left Wing                Right Wing               Defense                  Defense                  
   Peter Mueller            Ville Leino              Nick Palmieri            Tim Ramholt              John-Michael Liles       

Goaltenders
Starting : Martin Biron             
Backup : Richard Bachman          

Extra Forwards
Normal : Jared Boll, Derek Dorsett, Lars Eller - PP : Jared Boll, Derek Dorsett - PK : Lars Eller
Extra Defensemen
Normal : Steven Kampfer, Jonathan Paiement, Mattias Ekholm - PP : Steven Kampfer - PK : Jonathan Paiement, Mattias Ekholm
Penalty Shots
Ville Leino, Nick Palmieri, Peter Mueller, Mark Mancari, Vojtech Polak

% Time on Ice - Demolitions

Lines # - Real PCT - Wanted PCT - Time Play
Normal Forward
1 - 36% - 40% - 13:45
2 - 34% - 30% - 13:03
3 - 20% - 20% - 7:34
4 - 10% - 10% - 3:49
Normal Defense
1 - 40% - 40% - 15:14
2 - 28% - 30% - 10:40
3 - 21% - 20% - 8:08
4 - 11% - 10% - 4:09
PP Forward
1 - 62% - 60% - 6:10
2 - 38% - 40% - 3:47
PP Defense
1 - 65% - 60% - 6:28
2 - 35% - 40% - 3:29
PK Forward
1 - 74% - 60% - 7:58
2 - 26% - 40% - 2:44
PK Defense
1 - 55% - 60% - 5:56
2 - 45% - 40% - 4:46
PK3 Forward
1 - 0% - 60%
2 - 0% - 40%
PK3 Defense
1 - 0% - 60%
2 - 0% - 40%
44 Forward
1 - 0% - 60%
2 - 0% - 40%
44 Defense
1 - 0% - 60%
2 - 0% - 40%
Last Minute Offensive  - 1:10
Last Minute Defensive  - 0:00
Total
Forward - 60:00
Defense - 60:00

% Time on Ice - Sewer Rats

Lines # - Real PCT - Wanted PCT - Time Play
Normal Forward
1 - 33% - 40% - 12:34
2 - 27% - 30% - 10:25
3 - 24% - 20% - 9:18
4 - 16% - 10% - 5:57
Normal Defense
1 - 39% - 40% - 14:57
2 - 25% - 30% - 9:25
3 - 24% - 20% - 9:18
4 - 12% - 10% - 4:34
PP Forward
1 - 60% - 60% - 6:27
2 - 40% - 40% - 4:15
PP Defense
1 - 61% - 60% - 6:32
2 - 39% - 40% - 4:10
PK Forward
1 - 74% - 60% - 7:21
2 - 26% - 40% - 2:36
PK Defense
1 - 62% - 60% - 6:10
2 - 38% - 40% - 3:47
PK3 Forward
1 - 0% - 60%
2 - 0% - 40%
PK3 Defense
1 - 0% - 60%
2 - 0% - 40%
44 Forward
1 - 0% - 60%
2 - 0% - 40%
44 Defense
1 - 0% - 60%
2 - 0% - 40%
Last Minute Offensive  - 0:00
Last Minute Defensive  - 1:07
Total
Forward - 60:00
Defense - 60:00

Play by Play

1st period


0:01 of 1st period - Darren Helm wins face-off versus Peter Mueller in neutral zone.
0:04 of 1st period - Snap shot by Bobby Butler.
0:04 of 1st period - Stopped by Martin Biron without a rebound.
0:05 of 1st period - Darren Helm wins face-off versus Peter Mueller in Sewer Rats zone.
1:49 of 1st period - Minor Penalty to Nicolas Blanchard for Hooking.
1:50 of 1st period - Ryan Vesce wins face-off versus Peter Mueller in Demolitions zone.
2:56 of 1st period - Bobby Butler is hit by Vojtech Polak and loses puck.
3:49 of 1st period - Penalty to Nicolas Blanchard is over, Nicolas Blanchard is back on ice.
4:23 of 1st period - Wrist shot by Steven Kampfer.
4:23 of 1st period - Stopped by Ray Emery with a rebound.
4:25 of 1st period - Snap shot by Jonathan Paiement.
4:25 of 1st period - Shot Misses the Net.
8:22 of 1st period - Snap shot by David Laliberté.
8:22 of 1st period - Shot Blocked by Matt Lashoff.
8:24 of 1st period - Slapshot by Anssi Salmela.
8:24 of 1st period - Stopped by Martin Biron with a rebound.
8:38 of 1st period - Slapshot by Ville Leino.
8:38 of 1st period - Stopped by Ray Emery with a rebound.
8:44 of 1st period - Ville Leino is hit by Nigel Dawes and loses puck.
9:28 of 1st period - Andrew Campbell is hit by Derek Dorsett and loses puck.
9:55 of 1st period - Nigel Dawes is hit by Mark Mancari and loses puck.
10:10 of 1st period - Snap shot by Peter Mueller.
10:10 of 1st period - Stopped by Ray Emery without a rebound.
10:11 of 1st period - Corban Knight wins face-off versus Peter Mueller in Demolitions zone.
10:11 of 1st period - Corban Knight is hit by Nick Palmieri.
11:39 of 1st period - Slapshot by Derek Dorsett.
11:39 of 1st period - Stopped by Ray Emery without a rebound.
11:40 of 1st period - Peter Mueller wins face-off versus Nicolas Blanchard in Demolitions zone.
11:54 of 1st period - Snap shot by Matt D'Agostini.
11:54 of 1st period - Stopped by Martin Biron with a rebound.
11:56 of 1st period - Slapshot by Matt D'Agostini.
11:56 of 1st period - Stopped by Martin Biron with a rebound.
12:57 of 1st period - Minor Penalty to Tom Sestito for Tripping.
12:58 of 1st period - Darren Helm wins face-off versus Ville Leino in Sewer Rats zone.
12:59 of 1st period - Wrist shot by Ryan Vesce.
12:59 of 1st period - Goal by Ryan Vesce - Demolitions : 1 - Sewer Rats : 0.
13:00 of 1st period - Bobby Butler wins face-off versus Peter Mueller in neutral zone.
13:07 of 1st period - Snap shot by Ryan Vesce.
13:07 of 1st period - Stopped by Martin Biron without a rebound.
13:08 of 1st period - Peter Mueller wins face-off versus Darren Helm in Sewer Rats zone.
13:15 of 1st period - Slapshot by John-Michael Liles.
13:15 of 1st period - Deflect By Nick Palmieri.
13:15 of 1st period - Shot Misses the Net.
13:15 of 1st period - Puck is out of play.
13:16 of 1st period - Peter Mueller wins face-off versus Darren Helm in Demolitions zone.
13:23 of 1st period - Wrist shot by Peter Mueller.
13:23 of 1st period - Shot Blocked by Ryan Vesce.
13:25 of 1st period - Snap shot by Ville Leino.
13:25 of 1st period - Shot Blocked by Cameron Schilling.
13:27 of 1st period - Slapshot by Tim Ramholt.
13:27 of 1st period - Shot Misses the Net.
13:29 of 1st period - Slapshot by John-Michael Liles.
13:29 of 1st period - Stopped by Ray Emery without a rebound.
13:29 of 1st period - Minor Penalty to Ray Emery for Slashing.
13:30 of 1st period - Ryan Vesce wins face-off versus Peter Mueller in Demolitions zone.
13:30 of 1st period - Ryan Vesce is hit by John-Michael Liles.
13:36 of 1st period - Snap shot by Peter Mueller.
13:36 of 1st period - Shot Blocked by Anton Babchuk.
13:38 of 1st period - Snap shot by Ville Leino.
13:38 of 1st period - Shot Blocked by Ryan Vesce.
13:40 of 1st period - Slapshot by Nick Palmieri.
13:40 of 1st period - Goal by Nick Palmieri - Demolitions : 1 - Sewer Rats : 1.
13:41 of 1st period - Peter Mueller wins face-off versus Darren Helm in neutral zone.
13:50 of 1st period - Off-side.
13:51 of 1st period - Peter Mueller wins face-off versus Darren Helm in neutral zone.
14:00 of 1st period - Slapshot by Ville Leino.
14:00 of 1st period - Shot Blocked by Cameron Schilling.
14:02 of 1st period - Snap shot by Tim Ramholt.
14:02 of 1st period - Stopped by Ray Emery with a rebound.
14:55 of 1st period - Wrist shot by Ryan Vesce.
14:55 of 1st period - Shot Misses the Net.
15:03 of 1st period - Snap shot by Peter Mueller.
15:03 of 1st period - Deflect By Ville Leino.
15:03 of 1st period - Shot Misses the Net.
15:03 of 1st period - Puck is out of play.
15:04 of 1st period - Nicolas Blanchard wins face-off versus Kyle Turris in Demolitions zone.
15:09 of 1st period - Snap shot by Matt D'Agostini.
15:09 of 1st period - Goal by Matt D'Agostini - Demolitions : 2 - Sewer Rats : 1.
15:10 of 1st period - Matt D'Agostini wins face-off versus Kyle Turris in neutral zone.
15:13 of 1st period - Wrist shot by Nigel Dawes.
15:13 of 1st period - Stopped by Martin Biron without a rebound.
15:14 of 1st period - Kyle Turris wins face-off versus Nicolas Blanchard in Sewer Rats zone.
15:36 of 1st period - Minor Penalty to Jonathan Paiement for Holding.
15:37 of 1st period - Ville Leino wins face-off versus Darren Helm in Sewer Rats zone.
16:08 of 1st period - Slapshot by Anton Babchuk.
16:08 of 1st period - Shot Blocked by Nick Palmieri.
17:34 of 1st period - Matt D'Agostini is hit by Peter Mueller and loses puck.
17:36 of 1st period - Penalty to Jonathan Paiement is over, Jonathan Paiement is back on ice.
17:43 of 1st period - Snap shot by Mark Mancari.
17:43 of 1st period - Shot Misses the Net.
17:45 of 1st period - Slapshot by John-Michael Liles.
17:45 of 1st period - Stopped by Ray Emery with a rebound.
17:47 of 1st period - Snap shot by Mark Mancari.
17:47 of 1st period - Goal by Mark Mancari - Demolitions : 2 - Sewer Rats : 2.
17:48 of 1st period - Darren Helm wins face-off versus Kyle Turris in neutral zone.
18:58 of 1st period - Minor Penalty to Jonathan Paiement for Hooking.
18:59 of 1st period - Darren Helm wins face-off versus Ville Leino in Sewer Rats zone.
19:00 of 1st period - Snap shot by Bobby Butler.
19:00 of 1st period - Shot Hit the Post.
19:02 of 1st period - Slapshot by Anton Babchuk.
19:02 of 1st period - Deflect By Ville Leino.
19:02 of 1st period - Stopped by Martin Biron with a rebound.
19:12 of 1st period - Snap shot by Bobby Butler.
19:12 of 1st period - Stopped by Martin Biron without a rebound.
19:13 of 1st period - Darren Helm wins face-off versus Ville Leino in Sewer Rats zone.
19:16 of 1st period - Slapshot by Darren Helm.
19:16 of 1st period - Stopped by Martin Biron without a rebound.
19:17 of 1st period - Ville Leino wins face-off versus Darren Helm in Sewer Rats zone.
19:28 of 1st period - Cameron Schilling is hit by Nick Palmieri.
19:29 of 1st period - Icing by Cameron Schilling.
19:30 of 1st period - Ville Leino wins face-off versus Bobby Butler in Demolitions zone.
Goals for this period are 2 for Demolitions vs 2 for Sewer Rats.
Shots for this period are 11 for Demolitions vs 9 for Sewer Rats.

2nd period


0:01 of 2nd period - Darren Helm wins face-off versus Ville Leino in neutral zone.
0:13 of 2nd period - Wrist shot by Ryan Vesce.
0:13 of 2nd period - Stopped by Martin Biron without a rebound.
0:14 of 2nd period - Darren Helm wins face-off versus Ville Leino in Sewer Rats zone.
0:15 of 2nd period - Backhand shot by Ryan Vesce.
0:15 of 2nd period - Deflect By Darren Helm.
0:15 of 2nd period - Shot Misses the Net.
0:15 of 2nd period - Puck is out of play.
0:16 of 2nd period - Darren Helm wins face-off versus Ville Leino in Sewer Rats zone.
0:45 of 2nd period - Snap shot by Cameron Schilling.
0:45 of 2nd period - Stopped by Martin Biron without a rebound.
0:46 of 2nd period - Mark Mancari wins face-off versus Nicolas Blanchard in Sewer Rats zone.
0:58 of 2nd period - Penalty to Jonathan Paiement is over, Jonathan Paiement is back on ice.
1:01 of 2nd period - Minor Penalty to Anssi Salmela for Holding.
1:02 of 2nd period - Peter Mueller wins face-off versus Ryan Vesce in Demolitions zone.
1:15 of 2nd period - Snap shot by Ville Leino.
1:15 of 2nd period - Stopped by Ray Emery without a rebound.
1:16 of 2nd period - Ryan Vesce wins face-off versus Nick Palmieri in Demolitions zone.
1:58 of 2nd period - Slapshot by Darren Helm.
1:58 of 2nd period - Stopped by Martin Biron with a rebound.
2:00 of 2nd period - Wrist shot by Nigel Dawes.
2:00 of 2nd period - Goal by Nigel Dawes - Demolitions : 3 - Sewer Rats : 2.
2:01 of 2nd period - Nick Palmieri wins face-off versus Ryan Vesce in neutral zone.
2:06 of 2nd period - Wrist shot by Ville Leino.
2:06 of 2nd period - Stopped by Ray Emery with a rebound.
3:01 of 2nd period - Penalty to Anssi Salmela is over, Anssi Salmela is back on ice.
3:19 of 2nd period - Wrist shot by Ryan Vesce.
3:19 of 2nd period - Stopped by Martin Biron without a rebound.
3:20 of 2nd period - Kyle Turris wins face-off versus Nicolas Blanchard in Sewer Rats zone.
3:20 of 2nd period - Kyle Turris is hit by Nigel Dawes.
3:33 of 2nd period - Icing by Jonathan Paiement.
3:34 of 2nd period - Nicolas Blanchard wins face-off versus Mark Mancari in Sewer Rats zone.
3:35 of 2nd period - Snap shot by Nigel Dawes.
3:35 of 2nd period - Stopped by Martin Biron without a rebound.
3:36 of 2nd period - Peter Mueller wins face-off versus Nicolas Blanchard in Sewer Rats zone.
4:08 of 2nd period - Snap shot by Kyle Turris.
4:08 of 2nd period - Shot Misses the Net.
4:18 of 2nd period - Minor Penalty to Anton Babchuk for Tripping.
4:19 of 2nd period - Ryan Vesce wins face-off versus Peter Mueller in Demolitions zone.
4:52 of 2nd period - Snap shot by Kyle Turris.
4:52 of 2nd period - Stopped by Ray Emery with a rebound.
4:54 of 2nd period - Snap shot by Mark Mancari.
4:54 of 2nd period - Deflect By Anssi Salmela.
4:54 of 2nd period - Goal by Mark Mancari - Demolitions : 3 - Sewer Rats : 3.
4:55 of 2nd period - Darren Helm wins face-off versus Ville Leino in neutral zone.
5:38 of 2nd period - Icing by Anssi Salmela.
5:39 of 2nd period - Corban Knight wins face-off versus Lars Eller in Demolitions zone.
6:05 of 2nd period - David Rundblad is hit by Ville Leino and loses puck.
6:14 of 2nd period - Snap shot by Bobby Butler.
6:14 of 2nd period - Stopped by Martin Biron without a rebound.
6:15 of 2nd period - Kyle Turris wins face-off versus Matt D'Agostini in Sewer Rats zone.
6:26 of 2nd period - Wrist shot by Nicolas Blanchard.
6:26 of 2nd period - Shot Misses the Net.
6:28 of 2nd period - Slapshot by Anton Babchuk.
6:28 of 2nd period - Stopped by Martin Biron without a rebound.
6:29 of 2nd period - Darren Helm wins face-off versus Peter Mueller in Sewer Rats zone.
7:15 of 2nd period - Slapshot by Tim Ramholt.
7:15 of 2nd period - Stopped by Ray Emery with a rebound.
7:17 of 2nd period - Snap shot by Jared Boll.
7:17 of 2nd period - Goal by Jared Boll - Demolitions : 3 - Sewer Rats : 4.
7:18 of 2nd period - Darren Helm wins face-off versus Peter Mueller in neutral zone.
7:28 of 2nd period - Snap shot by Bobby Butler.
7:28 of 2nd period - Deflect By Darren Helm.
7:28 of 2nd period - Stopped by Martin Biron without a rebound.
7:29 of 2nd period - Darren Helm wins face-off versus Peter Mueller in Sewer Rats zone.
7:41 of 2nd period - Snap shot by Bobby Butler.
7:41 of 2nd period - Stopped by Martin Biron with a rebound.
8:19 of 2nd period - Slapshot by Josh Beaulieu.
8:19 of 2nd period - Shot Misses the Net.
8:21 of 2nd period - Snap shot by David Laliberté.
8:21 of 2nd period - Shot Misses the Net.
8:39 of 2nd period - Snap shot by Ryan Vesce.
8:39 of 2nd period - Stopped by Martin Biron without a rebound.
8:40 of 2nd period - Ryan Vesce wins face-off versus Jonathan Marchessault in Sewer Rats zone.
8:41 of 2nd period - Snap shot by Konstantin Pushkarev.
8:41 of 2nd period - Stopped by Martin Biron without a rebound.
8:42 of 2nd period - Jonathan Marchessault wins face-off versus Darren Helm in Sewer Rats zone.
8:47 of 2nd period - Slapshot by Steven Kampfer.
8:47 of 2nd period - Stopped by Ray Emery without a rebound.
8:48 of 2nd period - Ryan Vesce wins face-off versus Peter Mueller in Demolitions zone.
10:30 of 2nd period - Slapshot by Kyle Turris.
10:30 of 2nd period - Stopped by Ray Emery without a rebound.
10:31 of 2nd period - Kyle Turris wins face-off versus Nigel Dawes in Demolitions zone.
10:42 of 2nd period - Snap shot by Matt D'Agostini.
10:42 of 2nd period - Stopped by Martin Biron with a rebound.
10:44 of 2nd period - Snap shot by Nigel Dawes.
10:44 of 2nd period - Stopped by Martin Biron with a rebound.
11:59 of 2nd period - Minor Penalty to Konstantin Pushkarev for Hooking.
12:00 of 2nd period - Ryan Vesce wins face-off versus Peter Mueller in Demolitions zone.
12:16 of 2nd period - Snap shot by Nick Palmieri.
12:16 of 2nd period - Shot Misses the Net.
12:26 of 2nd period - Ryan Vesce is hit by John-Michael Liles.
12:36 of 2nd period - Darren Helm is hit by Kyle Turris and loses puck.
12:47 of 2nd period - Darren Helm is hit by Kyle Quincey.
13:59 of 2nd period - Penalty to Konstantin Pushkarev is over, Konstantin Pushkarev is back on ice.
14:15 of 2nd period - Minor Penalty to Patrick Bordeleau for Roughing.
14:16 of 2nd period - Ville Leino wins face-off versus Matt D'Agostini in Sewer Rats zone.
15:31 of 2nd period - Mark Mancari is hit by Anton Babchuk and loses puck.
15:42 of 2nd period - Kyle Quincey is hit by Ryan Vesce and loses puck.
16:15 of 2nd period - Penalty to Patrick Bordeleau is over, Patrick Bordeleau is back on ice.
16:31 of 2nd period - Backhand shot by Nick Palmieri.
16:31 of 2nd period - Stopped by Ray Emery with a rebound.
16:33 of 2nd period - Slapshot by John-Michael Liles.
16:33 of 2nd period - Deflect By David Rundblad.
16:33 of 2nd period - Stopped by Ray Emery without a rebound.
16:34 of 2nd period - Vojtech Polak wins face-off versus Corban Knight in Demolitions zone.
16:58 of 2nd period - Ryan Vesce is hit by Jonathan Paiement and loses puck.
17:03 of 2nd period - Wrist shot by Lars Eller.
17:03 of 2nd period - Stopped by Ray Emery with a rebound.
17:05 of 2nd period - Slapshot by Patrick Bordeleau.
17:05 of 2nd period - Stopped by Ray Emery with a rebound.
17:07 of 2nd period - Slapshot by Steven Kampfer.
17:07 of 2nd period - Shot Blocked by Ryan Vesce.
17:14 of 2nd period - Icing by Masi Marjamaki.
17:15 of 2nd period - Ryan Vesce wins face-off versus Jonathan Marchessault in Demolitions zone.
17:48 of 2nd period - Mattias Ekholm is hit by Anton Babchuk and loses puck.
18:05 of 2nd period - Darren Helm is hit by Kyle Turris and loses puck.
18:30 of 2nd period - Snap shot by Nicolas Blanchard.
18:30 of 2nd period - Stopped by Martin Biron with a rebound.
18:36 of 2nd period - Minor Penalty to Lars Eller for Tripping.
18:37 of 2nd period - Darren Helm wins face-off versus Ville Leino in Sewer Rats zone.
18:44 of 2nd period - Ville Leino is hit by Ryan Vesce and loses puck.
18:51 of 2nd period - Wrist shot by Ryan Vesce.
18:51 of 2nd period - Stopped by Martin Biron without a rebound.
18:52 of 2nd period - Ville Leino wins face-off versus Bobby Butler in Sewer Rats zone.
19:07 of 2nd period - Nick Palmieri is hit by Ryan Vesce and loses puck.
Goals for this period are 1 for Demolitions vs 2 for Sewer Rats.
Shots for this period are 16 for Demolitions vs 12 for Sewer Rats.

3rd period


0:01 of 3rd period - Darren Helm wins face-off versus Ville Leino in neutral zone.
0:12 of 3rd period - Snap shot by Ryan Vesce.
0:12 of 3rd period - Deflect By Darren Helm.
0:12 of 3rd period - Shot Blocked by Tim Ramholt.
0:12 of 3rd period - Puck is out of play.
0:13 of 3rd period - Darren Helm wins face-off versus Ville Leino in Sewer Rats zone.
0:20 of 3rd period - Wrist shot by Bobby Butler.
0:20 of 3rd period - Shot Misses the Net.
0:22 of 3rd period - Snap shot by Bobby Butler.
0:22 of 3rd period - Stopped by Martin Biron without a rebound.
0:23 of 3rd period - Darren Helm wins face-off versus Ville Leino in Sewer Rats zone.
0:36 of 3rd period - Penalty to Lars Eller is over, Lars Eller is back on ice.
0:51 of 3rd period - Ville Leino is hit by Cameron Schilling and loses puck.
1:25 of 3rd period - Slapshot by Ville Leino.
1:25 of 3rd period - Stopped by Ray Emery with a rebound.
1:39 of 3rd period - Wrist shot by Ryan Vesce.
1:39 of 3rd period - Shot Misses the Net.
1:41 of 3rd period - Wrist shot by Darren Helm.
1:41 of 3rd period - Shot Misses the Net.
1:43 of 3rd period - Slapshot by Anton Babchuk.
1:43 of 3rd period - Stopped by Martin Biron without a rebound.
1:44 of 3rd period - Kyle Turris wins face-off versus Nicolas Blanchard in Sewer Rats zone.
1:53 of 3rd period - Nicolas Blanchard is hit by Vojtech Polak and loses puck.
2:00 of 3rd period - Slapshot by Mark Mancari.
2:00 of 3rd period - Shot Misses the Net.
2:10 of 3rd period - Corban Knight is hit by Matt Lashoff and loses puck.
2:17 of 3rd period - Snap shot by Derek Dorsett.
2:17 of 3rd period - Shot Blocked by David Rundblad.
2:41 of 3rd period - Snap shot by Konstantin Pushkarev.
2:41 of 3rd period - Deflect By Masi Marjamaki.
2:41 of 3rd period - Shot Misses the Net.
2:41 of 3rd period - Puck is out of play.
2:42 of 3rd period - Corban Knight wins face-off versus Kyle Turris in Sewer Rats zone.
3:03 of 3rd period - Minor Penalty to Corban Knight for Slashing.
3:04 of 3rd period - Ryan Vesce wins face-off versus Peter Mueller in Demolitions zone.
3:16 of 3rd period - Off-side.
3:17 of 3rd period - Peter Mueller wins face-off versus Ryan Vesce in neutral zone.
3:20 of 3rd period - Snap shot by Ville Leino.
3:20 of 3rd period - Stopped by Ray Emery without a rebound.
3:21 of 3rd period - Ville Leino wins face-off versus Ryan Vesce in Demolitions zone.
3:22 of 3rd period - Wrist shot by Peter Mueller.
3:22 of 3rd period - Shot Blocked by Anton Babchuk.
3:26 of 3rd period - Wrist shot by Ville Leino.
3:26 of 3rd period - Shot Hit the Post.
3:28 of 3rd period - Snap shot by Peter Mueller.
3:28 of 3rd period - Stopped by Ray Emery without a rebound.
3:29 of 3rd period - Ryan Vesce wins face-off versus Peter Mueller in Demolitions zone.
3:42 of 3rd period - Slapshot by Tim Ramholt.
3:42 of 3rd period - Shot Blocked by Bobby Butler.
5:03 of 3rd period - Penalty to Corban Knight is over, Corban Knight is back on ice.
5:42 of 3rd period - Slapshot by Cameron Schilling.
5:42 of 3rd period - Shot Misses the Net.
6:06 of 3rd period - Wrist shot by Mark Mancari.
6:06 of 3rd period - Shot Blocked by Cameron Schilling.
6:08 of 3rd period - Snap shot by Kyle Turris.
6:08 of 3rd period - Stopped by Ray Emery with a rebound.
6:36 of 3rd period - Minor Penalty to Ryan Vesce for Slashing.
6:37 of 3rd period - Konstantin Pushkarev wins face-off versus Peter Mueller in Demolitions zone.
8:36 of 3rd period - Penalty to Ryan Vesce is over, Ryan Vesce is back on ice.
8:51 of 3rd period - Snap shot by Nigel Dawes.
8:51 of 3rd period - Stopped by Martin Biron without a rebound.
8:52 of 3rd period - Lars Eller wins face-off versus Nicolas Blanchard in Sewer Rats zone.
8:52 of 3rd period - Lars Eller is hit by Robert Bortuzzo.
8:57 of 3rd period - Off-side.
8:58 of 3rd period - Lars Eller wins face-off versus Nicolas Blanchard in neutral zone.
9:24 of 3rd period - Icing by Matt D'Agostini.
9:25 of 3rd period - Peter Mueller wins face-off versus Darren Helm in Demolitions zone.
9:26 of 3rd period - Snap shot by Ville Leino.
9:26 of 3rd period - Shot Misses the Net.
10:07 of 3rd period - Icing by Robert Bortuzzo.
10:08 of 3rd period - Lars Eller wins face-off versus Corban Knight in Demolitions zone.
10:37 of 3rd period - Snap shot by Kyle Turris.
10:37 of 3rd period - Stopped by Ray Emery with a rebound.
10:43 of 3rd period - Snap shot by Kyle Turris.
10:43 of 3rd period - Shot Misses the Net.
11:01 of 3rd period - Patrick Bordeleau is hit by Nicolas Blanchard and loses puck.
11:20 of 3rd period - Wrist shot by Konstantin Pushkarev.
11:20 of 3rd period - Shot Misses the Net.
11:22 of 3rd period - Backhand shot by Cameron Schilling.
11:22 of 3rd period - Stopped by Martin Biron without a rebound.
11:23 of 3rd period - Peter Mueller wins face-off versus Ryan Vesce in Sewer Rats zone.
11:32 of 3rd period - Wrist shot by Masi Marjamaki.
11:32 of 3rd period - Stopped by Martin Biron without a rebound.
11:33 of 3rd period - Matt D'Agostini wins face-off versus Peter Mueller in Sewer Rats zone.
12:01 of 3rd period - Wrist shot by Peter Mueller.
12:01 of 3rd period - Stopped by Ray Emery with a rebound.
12:37 of 3rd period - Snap shot by David Rundblad.
12:37 of 3rd period - Shot Blocked by Peter Mueller.
12:39 of 3rd period - Slapshot by Anssi Salmela.
12:39 of 3rd period - Deflect By Nigel Dawes.
12:39 of 3rd period - Shot Hit the Post.
12:39 of 3rd period - Puck is out of play.
12:40 of 3rd period - Kyle Turris wins face-off versus Darren Helm in Sewer Rats zone.
12:49 of 3rd period - Slapshot by Bobby Butler.
12:49 of 3rd period - Stopped by Martin Biron with a rebound.
13:05 of 3rd period - Jared Boll is hit by Anton Babchuk and loses puck.
13:15 of 3rd period - Icing by John-Michael Liles.
13:16 of 3rd period - Lars Eller wins face-off versus Darren Helm in Sewer Rats zone.
13:37 of 3rd period - Minor Penalty to John-Michael Liles for Holding.
13:38 of 3rd period - Ville Leino wins face-off versus Bobby Butler in Sewer Rats zone.
14:15 of 3rd period - Slapshot by Anton Babchuk.
14:15 of 3rd period - Shot Blocked by Jonathan Paiement.
15:13 of 3rd period - Nigel Dawes is hit by Lars Eller and loses puck.
15:37 of 3rd period - Penalty to John-Michael Liles is over, John-Michael Liles is back on ice.
15:38 of 3rd period - John-Michael Liles is hit by Bobby Butler and loses puck.
16:12 of 3rd period - David Laliberté is hit by Lars Eller.
16:40 of 3rd period - David Laliberté is hit by Derek Dorsett and loses puck.
16:47 of 3rd period - Snap shot by Tom Sestito.
16:47 of 3rd period - Stopped by Ray Emery with a rebound.
16:49 of 3rd period - Snap shot by Mike Funk.
16:49 of 3rd period - Shot Blocked by Andrew Campbell.
17:06 of 3rd period - Snap shot by Vojtech Polak.
17:06 of 3rd period - Shot Misses the Net.
17:18 of 3rd period - David Rundblad is hit by Jared Boll and loses puck.
17:23 of 3rd period - Backhand shot by Jared Boll.
17:23 of 3rd period - Stopped by Ray Emery with a rebound.
17:25 of 3rd period - Snap shot by Steven Kampfer.
17:25 of 3rd period - Deflect By Matt D'Agostini.
17:25 of 3rd period - Stopped by Ray Emery without a rebound.
17:26 of 3rd period - Lars Eller wins face-off versus Darren Helm in Demolitions zone.
17:45 of 3rd period - Slapshot by Steven Kampfer.
17:45 of 3rd period - Shot Blocked by David Rundblad.
18:44 of 3rd period - Slapshot by Derek Dorsett.
18:44 of 3rd period - Shot Misses the Net.
19:46 of 3rd period - Demolitions, Ray Emery is pulled from the net.
19:50 of 3rd period - Wrist shot by Darren Helm.
19:50 of 3rd period - Shot Blocked by John-Michael Liles.
Goals for this period are 0 for Demolitions vs 0 for Sewer Rats.
Shots for this period are 6 for Demolitions vs 9 for Sewer Rats.